[Event "56th Rubinstein Memorial D 2020"]
[Site "Polanica Zdroj"]
[Date "2020.08.23"]
[Round "9.10"]
[White "Pyka, Roman"]
[Black "Ratajczak, Hubert"]
[Result "1/2-1/2"]
[ECO "E67"]
[WhiteElo "1873"]
[BlackElo "1513"]
[Annotator "NA RC"]
[PlyCount "134"]
[EventDate "2020.08.15"]
[EventType "swiss"]
[EventCountry "POL"]
[SourceTitle "playchess.com"]
[Source "ChessBase"]
[SourceQuality "1"]
[TimeControl "40/5400+30:1800+30"]

1. d4 Nf6 2. Nf3 g6 3. c4 Bg7 4. Nc3 O-O 5. g3 d6 6. Bg2 Nbd7 7. O-O e5 8. h3 Re8 9. e4 exd4 10. Nxd4 Nc5 11. Re1 Bd7 {[%emt 0:00:56] is currently scoring better than 11...a5. Played by Anish Giri in July 2020.} 12. Bg5 {[%emt 0:03:39] E68: King's Indian: Fianchetto: 6...Nbd7 7 0-0 e5 8 e4.} h6 13. Bf4 {[%emt 0:00:25] [#]} Nh7 $146 ({Predecessor:} 13... h5 14. Bg5 Qc8 15. Kh2 Nh7 16. Be3 c6 17. Qc2 Ne6 18. Rad1 h4 19. g4 Be5+ {0-1 (76) Tan,Z (2513)-Harika,D (2492) Hengshui 2019}) 14. h4 g5 (14... Nf6 $11) 15. hxg5 Nxg5 16. Rc1 Bc6 (16... a5 $16 {is a better defense.}) 17. b4 Bxd4 (17... Nce6 $16) 18. Qxd4 Nce6 19. Qd2 a6 20. Be3 b5 21. f4 Nh7 22. Nd5 bxc4 23. Rxc4 Bxd5 24. exd5 Ng7 25. Rec1 Rc8 26. Bf2 Qd7 27. Kh2 ({White should try} 27. Qd3) 27... Re7 {[%emt 0:00:57] [#]} (27... Nf6 $16) 28. Bd4 $2 ({White should play} 28. Bh3 $1 $18 f5 29. Bd4) 28... Qg4 29. Bxg7 Kxg7 30. R4c2 ({White should play} 30. Qc3+ $14 Nf6 31. Bf3) 30... Rce8 31. Qd4+ ({Don't blunder} 31. Rxc7 $2 {[#]} Re2 $1 $19 ) (31. Qd1 $15 Re2 32. Kg1) 31... Kg8 32. Rf1 $2 (32. Qd1 $1 $15 Re2 33. Rxe2 Rxe2 34. Kg1) 32... Re3 33. Qd2 Qxg3+ 34. Kg1 Re2 35. Qxe2 Rxe2 36. Rxe2 Nf6 37. Rf3 Qg4 38. Kf2 Kf8 39. a3 h5 ({Much less strong is} 39... Nxd5 40. Re4 $19) 40. Re1 Qf5 41. Kg1 Nxd5 42. Rff1 c5 43. bxc5 dxc5 $4 (43... Qg4 $19 44. Re4 f5) 44. Bxd5 $4 (44. Re5 $18 {was the only winning move.} Qd3 45. Rxd5 {[%mdl 64] Double Attack} Qxa3 46. Rxh5) 44... Qxd5 45. Re3 Qd4 46. Rff3 c4 47. Kg2 Qd2+ 48. Kg3 Kg7 49. Rc3 Qe1+ 50. Kg2 a5 51. Rce3 Qd2+ 52. Kg3 a4 53. Rc3 Qe1+ 54. Kg2 Qe2+ 55. Kg3 Kg6 56. Rce3 Qd2 57. Rc3 Qe1+ 58. Kg2 h4 59. Rce3 Qd2+ 60. Kh3 f6 $2 (60... f5 $19 61. Re6+ Kh5) 61. Rc3 $2 (61. f5+ $15 Kg5 62. Re4) 61... Qe2 $2 (61... Kf5 62. Rce3 Qb2) 62. Rce3 {[%emt 0:00:34] [#]} Qd1 $1 63. Kxh4 {[%emt 0:00:31] [#]} Kf5 $2 (63... f5 $1 $19 {and Black stays clearly on top.} 64. Rg3+ Kf6) 64. Kg3 Qg1+ 65. Kh3 Qh1+ 66. Kg3 Qg1+ (66... Qh8 $17 67. Rf1 Qg7+ 68. Kh3 Qd7) 67. Kh3 Qh1+ $11 (67... Qg6 $17 68. Kh2 Qh6+ 69. Kg1 Qg6+ 70. Rg3 Qh7) 1/2-1/2

[Event "56th Rubinstein Memorial D 2020"]
[Site "Polanica Zdroj"]
[Date "2020.08.23"]
[Round "9.11"]
[White "Janicki, Rafal"]
[Black "Pietrzak, Emilia"]
[Result "1-0"]
[ECO "B30"]
[WhiteElo "1851"]
[BlackElo "1289"]
[Annotator "NA RC"]
[PlyCount "85"]
[EventDate "2020.08.15"]
[EventType "swiss"]
[EventCountry "POL"]
[SourceTitle "playchess.com"]
[Source "ChessBase"]
[SourceQuality "1"]
[TimeControl "40/5400+30:1800+30"]

1. e4 c5 2. Nf3 Nc6 3. d3 Nf6 4. g3 d5 5. Nbd2 Bg4 6. Bg2 g6 {[%emt 0:01:40] B29: Sicilian: 2 Nf3 Nf6 (Nimzowitsch Variation).} 7. h3 {[%emt 0:00:46] [#]} Bd7 $146 ({Predecessor:} 7... Bxf3 8. Bxf3 Bg7 9. O-O dxe4 10. dxe4 Qd7 11. Kh2 h5 12. Nb3 b6 13. Bf4 Rd8 {1-0 (21) Kaban,E (1994)-Erke,M (1804) Antalya 2013}) 8. e5 Nh5 9. O-O Ng7 10. Re1 Ne6 11. Nf1 Bg7 12. c3 O-O 13. Qe2 ({Better is} 13. d4 $11) 13... d4 14. c4 a6 15. a4 Nb4 16. b3 b5 17. N3h2 Rb8 18. axb5 axb5 19. f4 Bc6 20. g4 (20. Bxc6 $11 Nxc6 21. Nf3) 20... Ra8 ({Black should try} 20... Bxg2 $17 21. Kxg2 Bh6) 21. Rxa8 $1 Qxa8 22. Bxc6 Qxc6 23. f5 Nc7 24. Bd2 Nca6 (24... bxc4 $11 25. bxc4 Ra8) 25. Ng3 Ra8 26. g5 Nc2 27. Rf1 Nab4 {[%emt 0:00:29] [#]} 28. f6 $2 (28. e6 $1 $18) 28... exf6 29. gxf6 Bf8 30. Nf3 ({White should try} 30. cxb5 $16 Qe6 31. Ng4) 30... bxc4 31. bxc4 (31. dxc4 $11 Ra6 32. Ng5) 31... Ra2 32. Ng5 {[%emt 0:02:37] [#]} Ne3 $1 33. Rf3 $2 (33. e6 $1 $11 {and White has nothing to worry.}) 33... Bh6 34. N3e4 Qc7 $2 (34... Ra1+ $19 35. Kh2 Ra2) 35. e6 Ra1+ 36. Be1 fxe6 $2 (36... Nbc2 $11 37. Nxf7 Bf4) 37. f7+ Kh8 38. f8=Q+ $18 Bxf8 39. Rxf8+ Kg7 40. Nxe6+ {[%emt 0:00:23] Double Attack} Kh6 41. Nxc7 Ra2 (41... Nbc2 {[#]} 42. Rf1 $1 Rxe1 43. Rxe1) 42. Bd2 Ra1+ 43. Kh2 1-0

[Event "56th Rubinstein Memorial D 2020"]
[Site "Polanica Zdroj"]
[Date "2020.08.23"]
[Round "9.12"]
[White "Grzebieniowski, Michal"]
[Black "Sypien, Natan"]
[Result "1/2-1/2"]
[ECO "E19"]
[WhiteElo "1390"]
[BlackElo "1794"]
[Annotator "NA RC"]
[PlyCount "20"]
[EventDate "2020.08.15"]
[EventType "swiss"]
[EventCountry "POL"]
[SourceTitle "playchess.com"]
[Source "ChessBase"]
[SourceQuality "1"]
[TimeControl "40/5400+30:1800+30"]

1. d4 Nf6 2. c4 e6 3. Nf3 b6 4. g3 Bb7 5. Bg2 Be7 6. O-O O-O 7. Nc3 Ne4 8. Qc2 Nxc3 9. Qxc3 c5 10. dxc5 bxc5 1/2-1/2

[Event "56th Rubinstein Memorial D 2020"]
[Site "Polanica Zdroj"]
[Date "2020.08.23"]
[Round "9.13"]
[White "Szczygiel, Jakub"]
[Black "Lisiecki, Robert"]
[Result "1/2-1/2"]
[ECO "A50"]
[WhiteElo "1802"]
[BlackElo "1749"]
[Annotator "NA RC"]
[PlyCount "28"]
[EventDate "2020.08.15"]
[EventType "swiss"]
[EventCountry "POL"]
[SourceTitle "playchess.com"]
[Source "ChessBase"]
[SourceQuality "1"]
[TimeControl "40/5400+30:1800+30"]

1. d4 Nf6 2. c4 Nc6 3. Nf3 e6 4. a3 d6 5. Nc3 g6 6. Bg5 Bg7 7. e4 O-O 8. Qd2 Re8 9. Be2 e5 {[%emt 0:01:24] [#]} 10. d5 ({Better is} 10. dxe5 $1 $16 Nxe5 11. Nxe5 Rxe5 12. f4 Rxg5 13. fxg5) 10... Nb8 (10... Nd4 $1 $11 {remains equal.}) 11. h3 a5 12. O-O a4 13. Ne1 Nbd7 14. Nd3 b6 $16 (14... Qe7 $14) 1/2-1/2

[Event "56th Rubinstein Memorial D 2020"]
[Site "Polanica Zdroj"]
[Date "2020.08.23"]
[Round "9.14"]
[White "Zarzecki, Dymitr Stanislaw"]
[Black "Lewandrowski, Tomasz"]
[Result "1-0"]
[ECO "C65"]
[WhiteElo "1596"]
[BlackElo "1879"]
[Annotator "NA RC"]
[PlyCount "75"]
[EventDate "2020.08.15"]
[EventType "swiss"]
[EventCountry "POL"]
[SourceTitle "playchess.com"]
[Source "ChessBase"]
[SourceQuality "1"]
[TimeControl "40/5400+30:1800+30"]

1. e4 e5 2. Nf3 Nc6 3. Bb5 Nf6 4. d3 Bc5 5. O-O d6 6. h3 h6 7. c3 {[%emt 0:00:10] C65: Ruy Lopez: Berlin Defence (3...Nf6), unusual lines and 4 0-0 Bc5.} O-O 8. Re1 Bb6 {[%emt 0:02:50] seems to push 8...Bd7 aside.} 9. Nbd2 Ne7 10. Nf1 Ng6 11. d4 c6 12. Ba4 Be6 13. Bc2 Qd7 14. Ng3 {[%emt 0:03:48] [#]} Rae8 $146 ({Predecessor:} 14... Rfe8 15. Be3 Qc7 16. Qd2 Rad8 17. Nf5 Bxf5 18. exf5 Nf8 19. Bxh6 N8h7 20. Be3 Nd5 {1-0 (31) Bauer,C (2605)-Sargissian,G (2660) Paris 2009}) 15. a4 a5 $1 $11 16. Nf5 (16. Be3 $16 Qc7 17. Qd2) 16... Kh8 (16... Nxe4 $1 $15 17. Nxh6+ gxh6 18. Bxe4 f5) 17. Ng3 Rg8 18. Be3 Bc7 19. dxe5 dxe5 20. Qxd7 Nxd7 21. Rad1 Nb6 22. Nf5 f6 23. N3h4 Nf4 {[%emt 0:07:54] [#]} ({Better is} 23... Nxh4 $11 24. Nxh4 Nc4) 24. Bxf4 $1 exf4 {[%emt 0:00:05] [#]} 25. Ng6+ $2 (25. Ne7 $1 $16 {[%mdl 512] stays on course.}) 25... Kh7 26. Nfe7 Nc8 27. e5 ({Inferior is} 27. Nxg8 Kxg6 28. e5+ f5 $17 29. Rd4 Rxg8 $17) 27... f5 (27... Nxe7 $16 28. Nxe7+ {[%mdl 64] Discovered Attack} f5 29. Nxg8 Kxg8) 28. Nxf5 $2 (28. Nxf4 $18 Rxe7 29. Nxe6) 28... Kxg6 29. Nd6+ Kg5 30. h4+ Kxh4 31. g3+ Kg4 32. Rd4 g5 33. Kg2 Bd5+ {[%emt 0:03:28] [#]} 34. Rxd5 $1 f3+ {[%emt 0:00:14] [#]} 35. Kh2 $1 cxd5 36. Bf5+ Kh5 37. g4+ Kh4 38. Rh1 1-0

[Event "56th Rubinstein Memorial D 2020"]
[Site "Polanica Zdroj"]
[Date "2020.08.23"]
[Round "9.15"]
[White "Ciechonski, Piotr"]
[Black "Bednarczyk, Mateusz"]
[Result "1-0"]
[ECO "B23"]
[WhiteElo "1774"]
[BlackElo "1500"]
[Annotator "NA RC"]
[PlyCount "115"]
[EventDate "2020.08.15"]
[EventType "swiss"]
[EventCountry "POL"]
[SourceTitle "playchess.com"]
[Source "ChessBase"]
[SourceQuality "1"]
[TimeControl "40/5400+30:1800+30"]

1. e4 c5 2. Nc3 Nc6 3. f4 g6 4. Nf3 Bg7 5. Bc4 e6 6. d3 Nge7 7. f5 exf5 8. O-O O-O 9. Qe1 Na5 10. Bg5 Nxc4 11. dxc4 f6 12. Bf4 fxe4 13. Bd6 Re8 14. Qxe4 Nf5 15. Qd5+ Kh8 16. Bxc5 d6 17. Bf2 Be6 18. Qd3 Rc8 19. b3 a6 20. Rad1 Bf8 21. a4 Qc7 22. Nd5 Qf7 23. Nf4 Rcd8 24. Nxe6 Rxe6 25. Nd4 Nxd4 26. Bxd4 Be7 27. Bb2 Kg8 28. Qd5 Re2 29. Qd3 Re6 30. Qc3 Rf8 31. Rd2 Bd8 32. Kh1 Bb6 33. a5 Ba7 34. Rd3 Qe7 35. Rdf3 Rf7 36. Qd3 Rf8 37. h3 Rf7 38. Qd5 Kf8 39. b4 Re1 40. Qd2 Rxf1+ 41. Rxf1 Kg7 42. b5 Bc5 43. Bd4 Bxd4 44. Qxd4 Qe2 45. Qd3 Re7 46. Rd1 Qf2 47. Qxd6 Re1+ 48. Rxe1 Qxe1+ 49. Kh2 Qxa5 50. Qd7+ Kh6 51. Qxb7 axb5 52. cxb5 Qc3 53. Qe4 Qc5 54. Qf4+ Kg7 55. c4 g5 56. Qg3 h6 57. Qb8 Qxc4 58. b6 1-0

[Event "56th Rubinstein Memorial D 2020"]
[Site "Polanica Zdroj"]
[Date "2020.08.23"]
[Round "9.16"]
[White "Szydelko, Kazimierz"]
[Black "Bialik, Nikodem"]
[Result "1-0"]
[ECO "D32"]
[WhiteElo "1713"]
[BlackElo "1552"]
[Annotator "NA"]
[PlyCount "76"]
[EventDate "2020.08.15"]
[EventType "swiss"]
[EventCountry "POL"]
[SourceTitle "playchess.com"]
[Source "ChessBase"]
[SourceQuality "1"]
[TimeControl "40/5400+30:1800+30"]

1. Nf3 e6 2. d4 d5 3. c4 c5 4. cxd5 exd5 5. Nc3 Be6 6. e4 cxd4 7. Bb5+ Nc6 8. Nxd4 Rc8 9. Nxe6 fxe6 10. exd5 exd5 11. Qh5+ g6 12. Qxd5 Qxd5 13. Nxd5 Nge7 14. Nxe7 Bxe7 15. O-O Kf7 16. Rd1 Rhd8 17. Be3 a6 18. Bc4+ Kg7 19. Be6 Ra8 20. Bb6 Rxd1+ 21. Rxd1 Kf6 22. Bd5 Rc8 23. Rc1 Ke5 24. Bf3 Bf6 25. Kf1 Kd6 26. b3 Be5 27. Rd1+ Ke7 28. Bg4 Rb8 29. Rd7+ Kf6 30. Rxh7 Ne7 31. Bf3 Rc8 32. Be4 Rc1+ 33. Ke2 Ra1 34. a4 Ra2+ 35. Kd3 Rb2 36. Kc4 Nc8 37. Bd8+ Ke6 38. Bd5+ Kf5 1-0

[Event "56th Rubinstein Memorial D 2020"]
[Site "Polanica Zdroj"]
[Date "2020.08.23"]
[Round "9.17"]
[White "Jurkiewicz, Joanna"]
[Black "Ochenduszko, Bartosz"]
[Result "1/2-1/2"]
[ECO "C01"]
[WhiteElo "1691"]
[BlackElo "1531"]
[Annotator "NA RC"]
[PlyCount "142"]
[EventDate "2020.08.15"]
[EventType "swiss"]
[EventCountry "POL"]
[SourceTitle "playchess.com"]
[Source "ChessBase"]
[SourceQuality "1"]
[TimeControl "40/5400+30:1800+30"]

1. e4 e6 2. d4 d5 3. exd5 exd5 4. Bd3 Bd6 5. Ne2 Nf6 6. Bf4 O-O 7. Nbc3 Bxf4 8. Nxf4 Re8+ 9. Be2 Bf5 10. O-O c6 11. Re1 Ne4 12. Nxe4 dxe4 13. Bc4 b5 14. Bf1 Qd6 15. g3 Nd7 16. Bg2 Nf6 17. a4 b4 18. f3 Rad8 19. c3 bxc3 20. bxc3 c5 21. d5 c4 22. Qc2 Nxd5 23. Nxd5 Qxd5 24. fxe4 Qc5+ 25. Kh1 Bg6 26. Rad1 Rb8 27. Rd4 f6 28. Bf1 Bf7 29. Rb1 Rxb1 30. Qxb1 Qc6 31. Qb5 Qxb5 32. axb5 Rb8 33. Rd7 g6 34. Rxa7 Rxb5 35. Rxf7 Rb1 36. Rxf6 Kg7 37. Rf3 Re1 38. Kg2 Rxe4 39. Rf4 Re1 40. Rxc4 Kf6 41. Rc8 Rc1 42. c4 g5 43. c5 Rc2+ 44. Kg1 h5 45. c6 h4 46. c7 Ke7 47. Bd3 Rc5 48. Kg2 Kd7 49. Rg8 Kxc7 50. Kh3 Rd5 51. Be4 Re5 52. Bf3 Rb5 53. Kg4 Rb2 54. Kh3 Rb5 55. Be4 Kd7 56. Rf8 Rb4 57. Bg6 Rb6 58. Bh7 Rh6 59. Bf5+ Ke7 60. Ra8 hxg3+ 61. Kxg3 Kf7 62. h3 Rb6 63. Kg4 Rb2 64. Kxg5 Rg2+ 65. Bg4 Rg1 66. h4 Kg7 67. h5 Kh7 68. Ra7+ Kh8 69. Kf5 Rf1+ 70. Kg6 Rf8 71. Be6 Rf6+ 1/2-1/2

[Event "56th Rubinstein Memorial D 2020"]
[Site "Polanica Zdroj"]
[Date "2020.08.23"]
[Round "9.18"]
[White "Zyla, Tomasz"]
[Black "Wilgosz, Jan"]
[Result "1/2-1/2"]
[ECO "E92"]
[WhiteElo "1543"]
[BlackElo "1617"]
[Annotator "NA RC"]
[PlyCount "58"]
[EventDate "2020.08.15"]
[EventType "swiss"]
[EventCountry "POL"]
[SourceTitle "playchess.com"]
[Source "ChessBase"]
[SourceQuality "1"]
[TimeControl "40/5400+30:1800+30"]

1. d4 Nf6 2. Nf3 g6 3. c4 Bg7 4. Nc3 O-O 5. e4 d6 6. Be2 e5 7. d5 a5 8. h3 Nh5 9. O-O Na6 10. Na4 Bd7 11. Nh2 Nf4 12. Bxf4 exf4 13. Nc3 Nc5 14. Bd3 f5 15. exf5 Nxd3 16. Qxd3 Bxf5 17. Qd2 f3 18. Nxf3 Bxh3 19. Ng5 Bf5 20. Ne6 Bxe6 21. dxe6 Bxc3 22. Qxc3 Qf6 23. Rae1 Qxc3 24. bxc3 Rf4 25. c5 dxc5 26. Rd1 Re4 27. Rd7 Rxe6 28. Rxc7 Rd8 29. Rxb7 Rd2 1/2-1/2

[Event "56th Rubinstein Memorial D 2020"]
[Site "Polanica Zdroj"]
[Date "2020.08.23"]
[Round "9.19"]
[White "Ursnik, Patryk"]
[Black "Karalchuk, Alieksej"]
[Result "1/2-1/2"]
[ECO "B01"]
[WhiteElo "1601"]
[BlackElo "1493"]
[Annotator "NA RC"]
[PlyCount "36"]
[EventDate "2020.08.15"]
[EventType "swiss"]
[EventCountry "POL"]
[SourceTitle "playchess.com"]
[Source "ChessBase"]
[SourceQuality "1"]
[TimeControl "40/5400+30:1800+30"]

1. e4 d5 2. exd5 Nf6 3. Nc3 Nxd5 4. Nxd5 Qxd5 5. Qf3 Qxf3 6. Nxf3 Bg4 7. Be2 Bxf3 8. Bxf3 c6 9. d3 e6 10. Bf4 Bc5 11. Bxb8 Rxb8 12. O-O O-O 13. a3 Rfd8 14. Rfe1 Rd4 15. Re4 Rxe4 16. dxe4 Rd8 17. Rd1 Rxd1+ 18. Bxd1 a6 1/2-1/2

[Event "56th Rubinstein Memorial D 2020"]
[Site "Polanica Zdroj"]
[Date "2020.08.23"]
[Round "9.20"]
[White "Wolska, Marta"]
[Black "Sidlo, Szymon"]
[Result "0-1"]
[ECO "D33"]
[WhiteElo "1551"]
[BlackElo "1396"]
[Annotator "NA"]
[PlyCount "66"]
[EventDate "2020.08.15"]
[EventType "swiss"]
[EventCountry "POL"]
[SourceTitle "playchess.com"]
[Source "ChessBase"]
[SourceQuality "1"]
[TimeControl "40/5400+30:1800+30"]

1. d4 e6 2. c4 d5 3. Nc3 c5 4. cxd5 exd5 5. Nf3 Nc6 6. g3 Nf6 7. Bg2 Be6 8. O-O Be7 9. a3 O-O 10. Bg5 c4 11. Re1 Na5 12. Bxf6 Bxf6 13. e4 Nb3 14. Ra2 dxe4 15. Nxe4 Bxd4 16. Neg5 Qb6 17. Qc2 g6 18. Nxe6 fxe6 19. Nxd4 Nxd4 20. Qd2 Rad8 21. Qe3 Rd6 22. Rc1 Qb3 23. Qe5 Qxa2 24. Qxd6 Qxb2 25. Rf1 Qb6 26. Qxb6 axb6 27. Bxb7 c3 28. Kg2 c2 29. Rc1 Rf5 30. Be4 Rc5 31. f3 Rc3 32. a4 Rc4 33. Bd3 Rxa4 0-1